 Dungeon Crawl Stone Soup version 0.24-a0-317-g5cb8de4b22 (webtiles) character file.

Game seed: 1826749845962141231

130 HAL9000 the Sneak (level 5, -3/26 HPs)
             Began as a Vine Stalker Assassin on May 16, 2019.
             Slain by an orc wizard
             ... wielding a +0 dagger
              (5 damage)
             ... on level 3 of the Dungeon.
             The game lasted 00:03:50 (2504 turns).

HAL9000 the Sneak (Vine Stalker Assassin)           Turns: 2504, Time: 00:03:50

Health: -3/26      AC:  4    Str: 13    XL:     5   Next: 13%
Magic:  0/6        EV: 11    Int: 11    God:
Gold:   115        SH:  0    Dex: 17    Spells: 4/4 levels left

rFire    . . .     SeeInvis .   a - +2 dagger
rCold    . . .     Gourm    .   (no shield)
rNeg     . . .     Faith    .   b - +0 robe
rPois    .         Spirit   +   (no helmet)
rElec    .         Reflect  .   o - +0 cloak
rCorr    .         Harm     .   (no gloves)
MR       .....                  p - +0 pair of boots (curse)
Stlth    +++.......             (no amulet)
HPRegen  0.48/turn              (no ring)
MPRegen  0.10/turn              (no ring)

@: no status effects
A: fangs 2, regeneration 1, magic shield, antimagic bite, no potion heal 3, rot
immunity
a: no special abilities


You were on level 3 of the Dungeon.
You were not hungry.

You visited 1 branch of the dungeon, and saw 3 of its levels.

You collected 115 gold pieces.

Inventory:

Hand Weapons
 a - a +2 dagger (weapon)
Missiles
 d - 23 poisoned darts (quivered)
 e - 2 curare-tipped darts
 q - 12 boomerangs
Armour
 b - a +0 robe (worn)
 o - a +0 cloak (worn)
 p - a cursed +0 pair of boots (worn)
Scrolls
 c - a scroll of noise {unknown}
 g - 4 scrolls of identify {unknown}
 h - 2 scrolls of teleportation {unknown}
 k - 2 scrolls of magic mapping {unknown}
 l - a scroll of enchant armour {unknown}
Potions
 i - a potion of curing {unknown}
 j - 2 potions of might {unknown}
 n - a potion of invisibility {unknown}
Comestibles
 f - 3 rations


   Skills:
 - Level 1.7 Fighting
 + Level 4.7 Short Blades
 - Level 1.7 Throwing
 - Level 0.7 Dodging
 - Level 4.8 Stealth


You had 4 spell levels left.
You didn't know any spells.
Your spell library was empty.

Dungeon Overview and Level Annotations

Branches:
Dungeon (3/15)

Altars:
Ashenzari
Xom


Innate Abilities, Weirdness & Mutations

You have extremely sharp teeth.
Your natural rate of healing is unusually fast.
When hurt, damage is shared between your health and your magic reserves.
Your bite disrupts and absorbs the magic of your enemies.
Potions cannot restore your health.
You are immune to rotting.


Message History

You hit the orc wizard. Your bite misses the orc wizard.
The orc wizard is lightly wounded.
The orc wizard hits you with a +0 dagger.
You closely miss the orc wizard.
The orc wizard is lightly wounded.
The orc wizard hits you but does no damage.
You hit the orc wizard.
The orc wizard is moderately wounded.
The orc wizard gestures at you while chanting.
The puff of frost hits you! The orc wizard barely misses you.
You hit the orc wizard. Your bite misses the orc wizard.
The orc wizard is severely wounded.
The orc wizard gestures at you while chanting.
The puff of frost hits you!
* * * LOW HITPOINT WARNING * * *
You hit the orc wizard but do no damage.
Your bite misses the orc wizard.
The orc wizard is severely wounded.
The orc wizard hits you with a +0 dagger.
You die...

############
#.....o.o..#
###.########.# #
#.......# #.# .
#.......# #.### .
#.......# #{#.#######.
#.......####.#......o..
###..o@.รท<#......####.#
#########..#.#.# #.#
########o.#.#.# #o#
..........#.#.#


#oo ########o##.#.# .o. #######.##.#.# hoS #.....o.##.#.# .... #..o....##.#.#
[... ....o.... ........ You could see an orc wizard.

Vanquished Creatures
  An orc wizard (D:2)
  3 adders (D:2)
  An ooze (D:2)
  A worm (D:2)
  3 dart slugs (D:2)
  A leopard gecko (D:2)
  3 orcs
  5 bats (D:2)
  2 giant cockroaches (D:2)
  4 goblins
  A hobgoblin (D:2)
  10 jackals
  2 quokkas (D:2)
  A ball python (D:3)
  4 frilled lizards
  4 kobolds
  14 rats
60 creatures vanquished.

Notes
Turn   | Place    | Note
-------+----------+-------------------------------------------
     0 | D:1      | HAL9000 the Vine Stalker Assassin began the quest for the
                  | Orb.
     0 | D:1      | Reached XP level 1. HP: 11/11 MP: 2/2
   187 | D:1      | Reached XP level 2. HP: 2/15 MP: 0/3
   774 | D:2      | Found a shattered altar of Ashenzari.
   777 | D:2      | Found a shimmering altar of Xom.
   828 | D:2      | Reached XP level 3. HP: 18/18 MP: 4/4
  1467 | D:2      | Gained mutation: Your natural rate of healing is unusually
                  | fast. [Vine Stalker growth]
  1467 | D:2      | Reached XP level 4. HP: 8/23 MP: 3/5
  2225 | D:2      | Reached XP level 5. HP: 17/26 MP: 6/6
  2504 | D:3      | Slain by an orc wizard

Levels and vault maps discovered:
D:1:      psy_arrival_dodecagon, layout_rooms, minmay_rat_gold_closets
D:2:      layout_rooms, chequers_temple_overflow_statue_of_worship,
          kennysheep_another_room, minivault_27, chequers_garden
D:3:      layout_basic, lemuel_round_altar, grunt_dithmenos_smoke,
          chequers_ecumenical_altar_simple_redux

Skill      XL: |  1  2  3  4 |
---------------+-------------+-----
Short Blades   | 2 3 4 |  4.7
Fighting       | |  1.7
Throwing       | |  1.7
Dodging        | |  0.7
Stealth        | |  4.8

Action                   |  1- 3 |  4- 6 || total
-------------------------+-------+-------++-------
Melee: Dagger            |   116 |    76 ||   192
       Bite              |    31 |    23 ||    54
 Stab: Sleeping          |    10 |     5 ||    15
       Distracted        |     1 |       ||     1
  Eat: Chunk             |     2 |     3 ||     5
Armor: Robe              |    36 |    11 ||    47
Dodge: Dodged            |    82 |    30 ||   112

Table legend:
 A = Non-vault XP
 B = Vault XP
 C = Vault XP percentage of total XP
 D = Non-vault monster count
 E = Vault monster count
 F = Vault count percentage of total count
                 A         B        C        D         E       F
            +---------+---------+-------+---------+---------+-------
      Total |     178 |       8 |   4.3 |      52 |       8 |  13.3
            +---------+---------+-------+---------+---------+-------
        D:1 |      17 |       8 |  32.0 |      10 |       8 |  44.4
        D:2 |     150 |       0 |   0.0 |      37 |       0 |   0.0
        D:3 |      11 |       0 |   0.0 |       5 |       0 |   0.0
            +---------+---------+-------+---------+---------+-------
